 Dungeon Crawl Stone Soup version 0.27-a0-1497-gf8f22f7954 (webtiles) character file.

Game seed: 11633597291592529551

8 27snakeeyes612 the Chopper (level 2, -7/36 HPs)
             Began as a Human Berserker on July 7, 2021.
             Was a Follower of Trog.
             Mangled by a goblin (14 damage)
             ... on level 1 of the Dungeon.
             The game lasted 00:00:10 (249 turns).

27snakeeyes612 the Chopper (Human Berserker)         Turns: 249, Time: 00:00:11

Health: -7/36      AC:  2    Str: 17    XL:     2   Next: 15%
Magic:  2/2        EV: 12    Int:  7    God:    Trog [*.....]
Gold:   0          SH:  0    Dex: 12    Spells: 1/1 levels left

rFire    . . .     SeeInvis .   a - +0 hand axe
rCold    . . .     Faith    .   (no shield)
rNeg     . . .     Spirit   .   b - +0 animal skin
rPois    .         Reflect  .   (no helmet)
rElec    .         Harm     .   (no cloak)
rCorr    .         Rampage  .   (no gloves)
Will     .....                  (no boots)
Stlth    ..........             (no amulet)
HPRegen  0.12/turn              (no ring)
MPRegen  0.08/turn              (no ring)

@: berserking, very quick
A: no striking features
a: Renounce Religion, Berserk


You were on level 1 of the Dungeon.
You worshipped Trog.
Trog was aware of your devotion.
You visited 1 branch of the dungeon, and saw 1 of its levels.

Inventory:

Hand Weapons
 a - a +0 hand axe (weapon)
Armour
 b - a +0 animal skin (worn)
Jewellery
 c - a ring of resist corrosion
Potions
 d - a potion of curing {unknown}


   Skills:
 + Level 3.2 Fighting
 + Level 3.2 Axes
 + Level 2.0 Armour
 + Level 2.0 Dodging


You had one spell level left.
You didn't know any spells.
Your spell library was empty.

Dungeon Overview and Level Annotations

Branches:
Dungeon (1/15)

Altars:


Message History

The ball python barely misses you. The ball python grabs you.
The ball python constricts you.
The ball python bites you but does no damage.
The ball python constricts you.
You hit the ball python but do no damage.
The ball python closely misses you. The ball python constricts you.
You hit the ball python.
You kill the ball python!
Trog accepts your kill.
No target in view!
No target in view!
d - a bubbling orange potion You see here a ball python corpse.
A goblin comes into view.
It is wielding a +2 dagger of electrocution.
A goblin is nearby!
A goblin is nearby!
The goblin shouts!
The goblin barely misses you.
You miss the goblin.
The goblin hits you with a +2 dagger of electrocution.
You are electrocuted!
Ouch! That really hurt!
* * * LOW HITPOINT WARNING * * *
You are too injured to fight recklessly!
You are too injured to fight recklessly!
You are too injured to fight recklessly!
You are too injured to fight recklessly!
You are too injured to fight recklessly!
You are too injured to fight recklessly!
A goblin is nearby!
A goblin is nearby!
A red film seems to cover your vision as you go berserk!
You feel yourself moving faster!
You feel mighty! The goblin hits you but does no damage.
You hit the goblin.
The goblin is severely wounded.
The goblin hits you with a +2 dagger of electrocution.
* * * LOW HITPOINT WARNING * * *
You are electrocuted!
You die...

.. #. ###.##
#. ....# #..
#... ...
##.. #.##
###... ...
##....# #g##
####..##.#
#.@###
#....###.#
##...#
###†######..
###.###...#
#.†)#
##.#...###
#.#.#
#....###
#.#># #..###
. #.. .....#
## ##.
#...##.# #.
..#. #.# #.


You could see a goblin.

Vanquished Creatures
  3 ball pythons (D:1)
  A bat (D:1)
  A giant cockroach (D:1)
  A hobgoblin (D:1)
  A kobold (D:1)
7 creatures vanquished.

Notes
Turn   | Place    | Note
-------+----------+-------------------------------------------
     0 | D:1      | 27snakeeyes612 the Human Berserker began the quest for the
                  | Orb.
     0 | D:1      | Reached XP level 1. HP: 18/18 MP: 1/1
   122 | D:1      | Reached XP level 2. HP: 19/24 MP: 2/2
   249 | D:1      | Mangled by a goblin

Illustrated notes

Levels and vault maps discovered:
D:1:      minmay_arrival_split_and_join, layout_rooms

Action                   || total
-------------------------++-------
Melee: Hand axe          ||    15
Invok: Berserk           ||     1
Armor: Animal skin       ||     4
Dodge: Dodged            ||    13

Table legend: (Time is in decaauts)
 A = Elapsed time spent in this place.
 B = Non-inter-level travel time spent in this place.
 C = Inter-level travel time spent in this place.
 D = Time resting spent in this place.
 E = Time spent auto-exploring this place.
 F = Levels seen in this place.
 G = Mean time per level.
                   A        B        C        D        E       F      G
               +--------+--------+--------+--------+--------+-----+--------+
         Total |    251 |    251 |      0 |      0 |    214 |   1 |  251.0 |
       Dungeon |    251 |    251 |      0 |      0 |    214 |   1 |  251.0 |
               +--------+--------+--------+--------+--------+-----+--------+

Top non-repeatable levels by time:
     D:1: 251 daAuts
